Map: Mist Opportunities

Players

NamroodTuo

  • Race: Zerg Zerg

Dagarian

  • Race: Terran Terran
  • Spawn Location: 6:00

VOD

Have the link to the VOD?

Description

Time

  • Played on: June 18, 2023, 6:49 a.m.
  • Length: 30:02
Show
View Real Time Build Order
Export as new Build Order

NamroodTuo Zerg 

Build Orders:  

Get SALT Encoding   

  12  0:04  Infested SCV  
  13  0:12  Infested SCV  
  13  0:18  Infested SCV  
  15  0:31  Overlord  
  15  0:44  Infested Refinery  
  15  1:38  Infested Refinery  
  15  1:41  Infested Command Center  
  15  1:44  Infested SCV  
  15  1:47  Infested SCV  
  17  1:56  Infested SCV  
  17  1:59  Infested SCV  
  19  2:07  Infested SCV  
  20  2:13  Overlord  
  20  2:18  Infested SCV  
  21  2:53  Anaerobic Enhancement  
  21  3:06  Infested SCV  
  22  3:22  Infested Barracks  
  22  3:26  Infested SCV  
  22  3:27  Overlord  
  22  3:28  Infested SCV  
  24  4:04  Infested Engineering Bay  
  24  4:10  Unknown  
  24  4:12  Infested SCV  
  24  4:13  Overlord  
  24  4:14  Infested SCV  
  26  4:23  Infested SCV  
  26  4:24  Infested SCV x3  
  26  4:25  Infested SCV  
  31  4:36  Infested Factory  
  31  4:39  Infested SCV  
  32  4:55  Infested SCV  
  32  4:56  Infested SCV  
  34  5:00  Infested SCV x2  
  36  5:24  Infested Barracks Tech Lab  
  36  5:28  Broodling Gestation  
  36  5:31  Overlord, Infested SCV  
  37  5:42  Infested SCV  
  37  5:43  Infested SCV  
  37  5:44  Infested SCV  
  40  6:07  Infested Command Center  
  40  6:12  Infested SCV  
  41  6:20  Infested Refinery  
  41  6:29  Infested SCV, Infested Bunker  
  46  6:32  Overlord  
  46  6:37  Overlord x3  
  46  6:41  Retinal Augmentation  
  46  7:07  Infestation Level 1  
  46  7:13  Stukov Infantry Weapons Level 1  
  46  7:20  Infested SCV x2  
  46  7:21  Infested SCV  
  49  7:41  Plagued Munitions  
  53  8:01  Infested Bunker  
  53  8:05  Infested Bunker  
  57  8:18  Infested SCV  
  57  8:19  Infested SCV x2  
  60  8:42  Infested Factory Tech Lab, Infested Armory  
  60  9:07  Infested Bunker  
  64  9:13  Infested Bunker  
  68  9:52  Stukov Infantry Armor Level 1  
  68  9:54  Overlord x2  
  68  9:55  Aggressive Incubation, Infested SCV x2  
  68  9:56  Infested SCV  
  71  10:04  Saturated Cultures  
  75  10:28  Infested Bunker  
  83  11:03  Infested Bunker  
  83  11:04  Caustic Mucus  
  83  11:08  Infested Bunker  
  83  11:28  Infestation Level 2  
  83  11:32  Stukov Vehicle and Ship Weapons Level 1  
  83  11:41  Infested Diamondback  
  83  11:44  Overlord x2  
  83  11:45  Infested SCV  
  91  12:10  Infested Bunker  
  91  12:21  Infested Bunker  
  95  12:32  Regenerative Plating  
  95  12:34  Automated Mitosis  
  99  12:51  Infested Bunker  
  99  13:32  Stukov Infantry Weapons Level 2  
  99  13:33  Acidic Enzymes, Infestation Level 3  
  99  14:11  Stukov Vehicle and Ship Armor Level 1  
  107  14:26  Infested Bunker  
  107  14:27  Infested Bunker  
  107  14:46  Overlord x3  
  107  14:47  Overlord x2  
  107  14:53  Infested Diamondback x3  
  107  14:54  Infested Diamondback x2  
  122  15:03  Overseer x4  
  122  15:04  Overseer  
  126  15:32  Infested Bunker  
  134  16:10  Infested Bunker x2  
  134  16:42  Calcified Armor  
  138  17:13  Infested Bunker  
  138  17:42  Stukov Infantry Armor Level 2  
  142  18:12  Infested Bunker  
  142  18:15  Infested Bunker  
  146  19:00  Infested Diamondback x5  
  146  19:05  Stukov Vehicle and Ship Armor Level 2  
  161  19:19  Infested Bunker  
  173  19:22  Infested Bunker  
  173  19:39  Infested Bunker  
  168  20:52  Stukov Infantry Weapons Level 3  
  172  21:32  Infested Bunker  
  172  21:39  Overlord x2  
  172  21:40  Overlord x3  
  172  22:15  Stukov Vehicle and Ship Weapons Level 2  
  172  22:37  Infested Diamondback x2  
  172  22:38  Infested Diamondback x3  
  195  24:32  Stukov Infantry Armor Level 3, Infested Bunker  
  195  24:35  Infested Bunker  
  199  25:21  Infested Bunker  
Show
View Real Time Build Order
Export as new Build Order

Dagarian Terran 

Build Orders:  

Get SALT Encoding   

  12  0:04  SCV  
  13  0:21  SCV  
  14  0:38  SCV  
  15  0:41  Barracks  
  15  0:52  Refinery  
  15  1:03  Refinery  
  15  1:07  SCV  
  16  1:41  SCV  
  16  1:46  Unknown  
  17  1:50  Engineering Bay  
  17  1:51  Engineering Bay  
  17  1:53  Barracks Tech Lab  
  17  2:04  SCV  
  18  2:23  Laser Targeting System  
  18  2:24  SCV  
  19  2:42  SCV  
  20  2:54  Ghost Visor  
  19  3:00  SCV  
  21  3:27  Elite Marine  
  25  3:58  Defensive Drone  
  25  4:12  Terran Infantry Weapons Level 1  
  25  4:13  Terran Infantry Armor Level 1  
  25  6:33  Spec Ops Ghost  
  29  6:41  Triple Tap  
  29  6:53  SCV  
  30  7:09  Command Center  
  30  7:33  Hellbat Rangers  
  34  7:43  SCV  
  35  8:00  SCV  
  36  8:11  EMP Round  
  36  8:17  SCV  
  37  8:34  SCV  
  38  8:51  SCV  
  38  8:54  Refinery  
  38  9:03  Starport  
  36  9:14  Factory  
  36  9:24  Hellbat Rangers  
  40  9:44  Refinery  
  40  10:07  Griffin Airstrike  
  40  11:08  Spec Ops Ghost  
  44  12:02  Armory  
  44  12:04  Starport Tech Lab  
  44  12:35  Raven Type-II  
  46  12:44  Spec Ops Ghost  
  50  12:50  SCV x2  
  52  13:06  Tactical Airlift  
  52  13:07  SCV  
  55  13:10  Armory  
  53  13:44  Defensive Drone  
  53  14:12  Hellbat Rangers  
  57  14:20  Factory Tech Lab  
  57  14:28  Terran Vehicle and Ship Weapons Level 1  
  57  14:29  Terran Vehicle And Ship Armor Level 1  
  57  14:44  Terran Infantry Weapons Level 2, Terran Infantry Armor Level 2  
  57  14:55  Elite Marine  
  57  14:59  SCV x2  
  63  15:16  SCV x2  
  65  15:32  SCV  
  65  15:33  SCV  
  67  15:49  SCV  
  68  15:50  SCV  
  68  16:06  SCV  
  69  18:34  Terran Infantry Weapons Level 3  
  69  18:35  Terran Infantry Armor Level 3  
  69  18:42  Raid Liberator  
  75  19:00  Smart Servos  
  75  19:54  Terran Vehicle and Ship Weapons Level 2, Terran Vehicle And Ship Armor Level 2  
  75  20:05  Raid Liberator  
  81  20:30  Raid Artillery  
  81  20:45  Griffin Airstrike  
  81  24:24  Strike Goliath  
  81  24:26  Strike Goliath  
  93  24:31  Terran Vehicle And Ship Armor Level 3, Terran Vehicle and Ship Weapons Level 3  
  93  24:50  Ares-Class Targeting System  
  93  25:02  Super Stimpack  
  93  25:50  Lockdown Missiles  
  93  25:55  Raven Type-II  
  95  26:32  Suppression Shells  
  95  26:59  Griffin Airstrike  
  95  27:11  Defensive Drone  
  95  28:58  Tactical Airlift  
Tags
 
Commander
NovaStukov
Matchup
Co-op
Replay Pack
Multiplayer
Add a new tag
Caveats
  • Supply blocks, unpowered buildings, or Contaminate may cause inaccurate times.
  • Supply counts are checked every 10 seconds.